 Dungeon Crawl Stone Soup version 0.23.2 (webtiles) character file.

Game seed: 14073941486025599516

2802 Morbidden the Cleaver (level 9, -1/79 HPs)
             Began as a Minotaur Fighter on Apr 5, 2019.
             Was an Initiate of Gozag.
             Slain by a rakshasa
             ... wielding a +0 whip
              (15 damage)
             ... on level 8 of the Dungeon.
             The game lasted 00:14:19 (6067 turns).

Morbidden the Cleaver (Minotaur Fighter)            Turns: 6067, Time: 00:14:20

Health: -1/79      AC: 15    Str: 23    XL:     9   Next: 44%
Magic:  8/8        EV:  5    Int:  5    God:    Gozag
Gold:   1511       SH: 10    Dex: 11    Spells: 8/8 levels left

rFire    . . .     SeeInvis .   a - +0 war axe
rCold    . . .     Gourm    .   c - +0 shield
rNeg     . . .     Faith    .   v - +0 plate armour
rPois    .         Spirit   .   (helmet restricted)
rElec    .         Reflect  .   (no cloak)
rCorr    .         Harm     .   r - +2 pair of gloves {archery}
MR       .....                  (no boots)
Stlth    ..........             (no amulet)
HPRegen  0.23/turn              (no ring)
MPRegen  0.11/turn              (no ring)

@: berserk cooldown, flying, slowed, lightly drained, very slow
A: retaliatory headbutt, horns 2
a: Potion Petition, Call Merchant, Bribe Branch, Renounce Religion


You were on level 8 of the Dungeon.
You worshipped Gozag.
Gozag was most pleased with you.
You were hungry.

You visited 1 branch of the dungeon, and saw 8 of its levels.
You also visited: Ossuary.

You collected 1513 gold pieces.
You paid 2 gold pieces to Gozag.

Inventory:

Hand Weapons
 a - a +0 war axe (weapon)
Missiles
 E - 7 tomahawks (quivered)
Armour
 c - a +0 shield (worn)
 r - a +2 pair of gloves of archery (worn)
 v - a +0 plate armour (worn)
Jewellery
 z - an uncursed ring of fire
 B - an uncursed ring of fire
Wands
 l - a wand of scattershot (6)
 t - a wand of disintegration (21)
Scrolls
 h - 5 scrolls of identify
 i - 10 scrolls of teleportation
 m - 2 scrolls of remove curse
 n - a scroll of fog
 s - a scroll of amnesia {unknown}
 x - a scroll of magic mapping {unknown}
 y - a scroll of torment {unknown}
 A - a scroll of fear {unknown}
 C - a scroll of blinking
Potions
 d - 5 potions of might
 j - 8 potions of curing
 k - a potion of degeneration {unknown}
 o - a potion of magic
 q - 2 potions of resistance {unknown}
 u - 3 potions of flight
 w - 2 potions of brilliance {unknown}
 D - a potion of lignification {unknown}
Comestibles
 f - 6 rations


   Skills:
 * Level 7.1(6.5) Fighting
 * Level 11.0(10.4) Axes
 * Level 4.2(3.7) Throwing
 + Level 6.5(5.9) Armour
 + Level 1.3(0.8) Dodging
 + Level 6.2(5.6) Shields


You had 8 spell levels left.
You didn't know any spells.
Your spell library contained the following spells:

 Spells                   Type           Power        Failure   Level  Hunger
 Animate Skeleton         Necr           N/A          100%        1    ##.....
 Pain                     Necr           #...         100%        1    ##.....
 Summon Butterflies       Summ           #.......     100%        1    ##.....
 Call Canine Familiar     Summ           #.......     100%        3    ####...
 Regeneration             Chrm/Necr      #.........   100%        3    ####...
 Vampiric Draining        Necr           #.........   100%        3    ####...
 Animate Dead             Necr           N/A          100%        4    #####..
 Summon Ice Beast         Ice/Summ       #.......     100%        4    #####..
 Summon Mana Viper        Hex/Summ       #.......     100%        5    ######.
 Summon Hydra             Summ           #.........   100%        7    #######


Dungeon Overview and Level Annotations

Branches:
Dungeon (8/15)             Temple (0/1) D:6
   Lair: D:8-11

Altars:
Cheibriados
Fedhas
Gozag
Nemelex Xobeh
Qazlal
Ru
Uskayaw
Xom
Yredelemnul
The Shining One

Shops:
D:7 %


Innate Abilities, Weirdness & Mutations

You reflexively headbutt those who attack you in melee.
You have a pair of horns on your head.


Message History

* * * LOW HITPOINT WARNING * * *
The orb of energy explodes!
The rakshasa hits you but does no damage.
Your shield and plate armour prevent you from hitting the rakshasa.
The rakshasa is almost dead.
A worker ant comes into view.
The rakshasa hits you but does no damage.
Unknown command.
You closely miss the rakshasa.
You headbutt the rakshasa, but do no damage.
The rakshasa is almost dead.
The rakshasa hits you with a +0 whip!
* * * LOW HITPOINT WARNING * * *
The rakshasa hits you but does no damage.
Unknown command.
Unknown command.
Unknown command.
You feel better. The rakshasa hits you with a +0 whip!
You die...
Your body crumbles into a pile of gold.

#........# #........#
##....#..# #)...####
#....# ########## #....#
.........#######....####
.........$.........>...#
#...#@(#############.# .
$#R$$# #.# #(...# #.#
.a....# #.# #.(.#..# #.#
.(#.#...# #.. #(..# ...#
### (... ....#


You could see a rakshasa and a worker ant.

Vanquished Creatures
  A hippogriff (D:7)
  An acid dragon (D:8)
  An ice beast (D:7)
  2 black bears (D:8)
  A big kobold (D:7)
  2 bullfrogs
  5 water moccasin zombies (Ossuary)
  3 scorpions
  A killer bee (D:8)
  A wight (D:8)
  2 howler monkeys
  3 crimson imps
  A centaur zombie (D:7)
  4 hounds
  A bullfrog zombie (D:7)
  4 orc priests
  A bullfrog skeleton (D:6)
  A centaur skeleton (D:4)
  4 iguanas
  10 worker ants
  Ijyb (D:2)
  Terence (D:3)
  5 orc wizards
  3 big kobold zombies (Ossuary)
  3 hound skeletons
  3 mummies
  Robin (D:4)
  8 gnolls
  11 adders
  An ooze (D:5)
  8 adder zombies
  A dart slug (D:3)
  7 leopard geckos
  14 orcs
  2 ball pythons
  2 giant cockroaches
  2 gnoll zombies (Ossuary)
  28 goblins
  11 hobgoblins
  8 jackals
  4 quokkas
  4 bats
  9 frilled lizards
  4 hobgoblin zombies (Ossuary)
  12 kobolds
  5 kobold zombies (Ossuary)
  A leopard gecko zombie (D:7)
  4 orc zombies (Ossuary)
  7 rats
219 creatures vanquished.

Notes
Turn   | Place    | Note
-------+----------+-------------------------------------------
     0 | D:1      | Morbidden the Minotaur Fighter began the quest for the Orb.
     0 | D:1      | Reached XP level 1. HP: 19/19 MP: 0/0
    89 | D:1      | Found an opulent altar of Gozag.
    97 | D:1      | Reached XP level 2. HP: 27/27 MP: 1/1
   137 | D:1      | Became a worshipper of Gozag Ym Sagoz the Greedy
   790 | D:2      | Reached skill level 3 in Axes
   823 | D:2      | Reached XP level 3. HP: 33/33 MP: 2/2
   857 | D:2      | Noticed Ijyb
   868 | D:2      | Killed Ijyb
   868 | D:2      | Reached XP level 4. HP: 25/40 MP: 3/3
  1027 | D:2      | Reached skill level 4 in Axes
  1334 | D:2      | Reached XP level 5. HP: 28/47 MP: 4/4
  1712 | D:3      | Noticed Terence
  1725 | D:3      | Killed Terence
  2092 | D:3      | Reached skill level 5 in Axes
  2311 | D:4      | Reached skill level 5 in Armour
  2316 | D:4      | Reached skill level 1 in Throwing
  2316 | D:4      | Reached XP level 6. HP: 41/53 MP: 5/5
  2643 | D:4      | Found a sparkling altar of Nemelex Xobeh.
  2752 | D:4      | Noticed Robin
  2763 | D:4      | Killed Robin
  2921 | D:4      | Reached skill level 6 in Axes
  3168 | D:5      | Entered Level 5 of the Dungeon
  3283 | D:5      | Reached XP level 7. HP: 48/60 MP: 6/6
  3335 | D:5      | Found a snail-covered altar of Cheibriados.
  3581 | D:5      | Found a hide-covered altar of Uskayaw.
  3584 | D:5      | Noticed a +0 hand axe
  3585 | D:5      | Noticed a +0 dagger
  3638 | D:5      | Reached skill level 5 in Fighting
  3638 | D:5      | Reached skill level 7 in Axes
  3914 | D:6      | Found a sand-covered staircase.
  3922 | Ossuary  | Entered an ossuary
  3981 | Ossuary  | Reached skill level 8 in Axes
  4041 | Ossuary  | Reached XP level 8. HP: 59/68 MP: 7/7
  4165 | D:6      | Reached skill level 1 in Dodging
  4176 | D:6      | Identified the +5 spear "Hinusuc" {antimagic, *Drain +Inv
                  | rF+ Str+5} (You found it on level 6 of the Dungeon)
  4331 | D:6      | Reached skill level 5 in Shields
  4354 | D:6      | Found a staircase to the Ecumenical Temple.
  4574 | D:6      | Reached skill level 9 in Axes
  4666 | D:7      | Found a shimmering altar of Xom.
  4666 | D:7      | Found a shimmering altar of Xom.
  4666 | D:7      | Found a shimmering altar of Xom.
  4667 | D:7      | Found a shimmering altar of Xom.
  4668 | D:7      | Found a shimmering altar of Xom.
  4680 | D:7      | Found Rismopn's Food Shoppe.
  4987 | D:7      | Reached skill level 10 in Axes
  5019 | D:7      | Found a shimmering altar of Xom.
  5021 | D:7      | Found a shimmering altar of Xom.
  5138 | D:7      | Noticed a hippogriff
  5154 | D:7      | Killed a hippogriff
  5154 | D:7      | Reached XP level 9. HP: 32/75 MP: 8/8
  5350 | D:7      | Found a sacrificial altar of Ru.
  5352 | D:7      | Found a basalt altar of Yredelemnul.
  5368 | D:7      | Found a stormy altar of Qazlal.
  5375 | D:7      | Found a blossoming altar of Fedhas.
  5493 | D:7      | Found a glowing golden altar of the Shining One.
  5694 | D:7      | Noticed a black mamba
  5694 | D:7      | a hog changed into a black mamba
  5998 | D:8      | Noticed a rakshasa
  6004 | D:8      | Reached skill level 11 in Axes
  6066 | D:8      | HP: 2/79 [rakshasa/+0 whip (12)]
  6067 | D:8      | Slain by a rakshasa

Skill      XL: |  1  2  3  4  5  6  7  8  9 |
---------------+----------------------------+-----
Fighting       | 4 5 6 7 |  7.1
Axes           | 3 4 5 6 8 10 11 | 11.0
Armour         | 4 5 6 |  6.5
Shields        | 4 5 6 |  6.2
Throwing       | 1 2 3 4 |  4.2
Dodging        | 1 |  1.3

Action                   |  1- 3 |  4- 6 |  7- 9 || total
-------------------------+-------+-------+-------++-------
Melee: War axe           |    79 |   210 |   354 ||   643
       Headbutt          |     9 |    22 |    66 ||    97
Throw: Javelin           |       |       |    10 ||    10
       Throwing net      |       |       |     2 ||     2
       Tomahawk          |       |       |     1 ||     1
  Use: Scroll            |     1 |     5 |     8 ||    14
       Potion            |       |       |     9 ||     9
 Stab: Distracted        |       |     1 |       ||     1
  Eat: Ration            |       |     2 |     3 ||     5
Armor: Scale mail        |    38 |    79 |       ||   117
       Plate armour      |       |    17 |   159 ||   176
Dodge: Dodged            |    28 |    49 |    52 ||   129
Block: Shield            |    36 |   126 |   154 ||   316
